 Dungeon Crawl Stone Soup version 0.26.0-20-g3ca415f5b8 (webtiles) character file.

Game seed: 11827327774492099123

2197 iamoutofideas the Thaumaturge (level 9, -2/57 HPs)
             Began as a Demonspawn Fire Elementalist on Jan 24, 2021.
             Was an Initiate of Vehumet.
             Slain by an orc warrior
             ... wielding a +0 war axe
              (8 damage)
             ... on level 7 of the Dungeon.
             The game lasted 00:17:03 (8739 turns).

iamoutofideas the Thaumaturge (DsFE)                Turns: 8739, Time: 00:17:06

Health: -2/57      AC: 15    Str: 17    XL:     9   Next: 12%
Magic:  5/30       EV: 12    Int: 20    God:    Vehumet [......]
Gold:   238        SH:  0    Dex: 10    Spells: 11/24 levels left

rFire    . . .     SeeInvis .   (no weapon)
rCold    . . .     Faith    .   (no shield)
rNeg     + . .     Spirit   .   t - +0 troll leather armour
rPois    .         Reflect  .   u - +0 helmet
rElec    .         Harm     .   v - +0 cloak
rCorr    .         Rampage  .   (no gloves)
Will     .....                  (no boots)
Stlth    +.........             (no amulet)
HPRegen  0.59/turn              j - +6 ring of strength
MPRegen  0.22/turn              w - ring of Liberty {+Fly rN+ MP+9 Str+3 Dex-4} (curse)

@: sanguine armour, very slightly contaminated
A: claws 1, spiny 1, sanguine armour 2
a: Renounce Religion, Evoke Flight


You were on level 7 of the Dungeon.
You worshipped Vehumet.
Vehumet was noncommittal.
You visited 2 branches of the dungeon, and saw 8 of its levels.

You collected 238 gold pieces.

Inventory:

Armour
 a - a +0 robe
 t - a +0 troll leather armour (worn)
 u - a +0 helmet (worn)
 v - a +0 cloak (worn)
Jewellery
 j - a +6 ring of strength (left claw)
 w - the cursed ring of Liberty (right claw) {+Fly rN+ MP+9 Str+3 Dex-4}
   (You took it off a wight on level 6 of the Dungeon)

   [ring of dexterity]

   It affects your strength (+3).
   It affects your dexterity (-4).
   It protects you from negative energy.
   It affects your magic capacity (+9).
   It lets you fly.
   It has a curse placed upon it.
 x - an uncursed ring of willpower
Wands
 p - a wand of enslavement (5)
 s - a wand of polymorph (6)
Scrolls
 b - a scroll of amnesia {unknown}
 c - 2 scrolls of fear
 e - 5 scrolls of remove curse
 f - 3 scrolls of enchant weapon {unknown}
 m - 4 scrolls of teleportation
 n - 2 scrolls of magic mapping
Potions
 g - a potion of attraction {unknown}
 h - 3 potions of flight
 i - a potion of might
 k - a potion of resistance
 o - a potion of ambrosia {unknown}
 q - 2 potions of lignification
 r - a potion of curing


   Skills:
 + Level 2.4 Dodging
 - Level 1.7 Stealth
 * Level 8.0 Spellcasting
 + Level 5.8 Conjurations
 + Level 6.1 Fire Magic


You had 11 spell levels left.
You knew the following spells:

 Your Spells              Type           Power        Failure   Level
a - Foxfire               Conj/Fire      100%         1%          1
b - Conjure Flame         Conj/Fire      32%          2%          3
c - Sticky Flame          Conj/Fire      32%          9%          4
d - Fireball              Conj/Fire      16%          24%         5

Your spell library contained the following spells:

 Spells                   Type           Power        Failure   Level
 Inner Flame              Hex/Fire       20%          9%          3
 Beastly Appendage        Tmut           16%          11%         1
 Wereblood                Tmut           8%           16%         2
 Spider Form              Tmut/Pois      4%           30%         3
 Ice Form                 Ice/Tmut       8%           71%         4
 Blade Hands              Tmut           4%           96%         5


Dungeon Overview and Level Annotations

Branches:
Dungeon (7/15)             Temple (1/1) D:7

Altars:
Ashenzari
Cheibriados
Dithmenos
Elyvilon
Fedhas
Gozag
Hepliaklqana
Kikubaaqudgha
Makhleb
Okawaru
Qazlal
Ru
Sif Muna
Uskayaw
Vehumet
Wu Jian
Xom
Yredelemnul
The Shining One

Annotations:
D:5 exclusion: downstairs
D:6 2 transporters, Snicker's ghost, weakling DsDe


Innate Abilities, Weirdness & Mutations

You have sharp fingernails.
You are partially covered in sharp spines.
When seriously injured, your bleeding wounds create thick armour. (AC +9)


Message History

Nothing appears to happen.
The orc warrior hits you with a +0 war axe!
* * * LOW HITPOINT WARNING * * *
Casting: Foxfire (safe; 1% risk of failure)
Confirm with . or Enter, or press ? or * to list all spells.
Aiming: Sticky Flame (dangerous; 9% risk of failure)
Press: ? - help, Shift-Dir - straight line, f/p - orc warrior
Aim: an orc warrior, wielding a +0 war axe and wearing a +3 plate armour (almost dead, 0% to evade)
You miscast Sticky Flame.
Sparks fly from your claws!
* * * LOW HITPOINT WARNING * * *
The orc warrior hits you with a +0 war axe.
* * * LOW HITPOINT WARNING * * *
Casting: Sticky Flame (dangerous; 9% risk of failure)
Confirm with . or Enter, or press ? or * to list all spells.
Aiming: Sticky Flame (dangerous; 9% risk of failure)
Press: ? - help, Shift-Dir - straight line, f/p - orc warrior
Aim: an orc warrior, wielding a +0 war axe and wearing a +3 plate armour (almost dead, 0% to evade)
You miscast Sticky Flame.
Nothing appears to happen.
The orc warrior hits you with a +0 war axe!
You die...

..####..##.#
.....#.....#.....#
.....#.†...#.....#
.....#.....#.....#
.....#.....#.....#
.....#.....#.....#
.....#.....#.....#
.....#.....#.....#
############....@#
................o#
................)#
.................#
.................#
.................#
..###########'####
### ...§..')...#
.## ......#....#


You could see an orc warrior.

Vanquished Creatures
  Menkaure (D:7)
  A water moccasin (D:6)
  2 ice beasts
  A black bear (D:7)
  A sky beast (D:6)
  A phantom (D:4)
  An ogre (D:7)
  3 bullfrogs
  3 scorpions
  A water moccasin skeleton (D:6)
  3 killer bees (D:7)
  3 wights
  2 jellies
  A centaur skeleton (D:6)
  3 orc priests
  A hound (D:6)
  Jessica (D:3)
  An iguana (D:4)
  Natasha (D:3)
  6 orc wizards
  3 worker ants
  A worker ant zombie (D:6)
  4 gnolls (D:7)
  8 adders
  2 white imps
  3 oozes
  3 adder skeletons
  2 worms
  5 dart slugs
  3 leopard geckos
  7 orcs
  2 ball pythons (D:4)
  10 bats
  16 giant cockroaches
  13 goblins
  14 hobgoblins
  7 jackals
  4 kobolds
  4 frilled lizards
  A jackal skeleton (D:4)
  A leopard gecko zombie (D:5)
  A quokka skeleton (D:6)
  10 rats
161 creatures vanquished.

Vanquished Creatures (collateral kills)
  A foxfire (D:7)
1 creature vanquished.

Vanquished Creatures (others)
  672 foxfires
  5 plants (D:7)
677 creatures vanquished.

Grand Total: 839 creatures vanquished

Notes
Turn   | Place    | Note
-------+----------+-------------------------------------------
     0 | D:1      | iamoutofideas the Demonspawn Fire Elementalist began the
                  | quest for the Orb.
     0 | D:1      | Reached XP level 1. HP: 13/13 MP: 3/3
   207 | D:1      | Gained mutation: When seriously injured, your bleeding
                  | wounds create armour. (AC +9) [demonic ancestry]
   207 | D:1      | Reached XP level 2. HP: 19/19 MP: 0/5
   875 | D:1      | Reached XP level 3. HP: 23/24 MP: 4/6
  2223 | D:1      | Reached XP level 4. HP: 16/30 MP: 3/8
  2243 | D:1      | Learned a level 3 spell: Conjure Flame
  2248 | D:1      | Learned a level 4 spell: Sticky Flame
  2575 | D:2      | Found a shimmering altar of Xom.
  2864 | D:2      | Found a sacrificial altar of Ru.
  3276 | D:3      | Reached skill level 3 in Spellcasting
  3288 | D:3      | Reached XP level 5. HP: 34/35 MP: 4/9
  4085 | D:3      | Noticed Jessica
  4090 | D:3      | Killed Jessica
  4132 | D:3      | Found a shimmering blue altar of Sif Muna.
  4332 | D:3      | Found a hide-covered altar of Uskayaw.
  4438 | D:3      | Noticed Natasha
  4478 | D:3      | Killed Natasha
  5032 | D:4      | Reached XP level 6. HP: 41/41 MP: 0/11
  5143 | D:4      | Reached skill level 4 in Spellcasting
  5869 | D:5      | Entered Level 5 of the Dungeon
  5869 | D:5      | Found a blossoming altar of Fedhas.
  5869 | D:5      | Found a stormy altar of Qazlal.
  6046 | D:5      | Gained mutation: You are partially covered in sharp spines.
                  | [demonic ancestry]
  6046 | D:5      | Reached XP level 7. HP: 46/46 MP: 7/13
  6529 | D:6      | Found a transporter.
  6532 | D:6      | Identified the cursed ring of Liberty {+Fly rN+ MP+9 Str+3
                  | Dex-4}
  6633 | D:5      | Learned a level 5 spell: Fireball
  6673 | D:6      | Noticed Snicker's ghost (weakling DsDe)
  6674 | D:6      | Found a transporter.
  6674 | D:6      | Identified the +11 dire flail of Zuid {speed, Str+4}
  6674 | D:6      | Identified the +1 great mace of Evisceration {freeze, Str+2
                  | Int-2 Dex+8 Stlth-}
  6674 | D:6      | Noticed a two-headed ogre
  6702 | D:6      | Reached skill level 5 in Spellcasting
  6702 | D:6      | Reached skill level 5 in Fire Magic
  7096 | D:6      | Found a burning altar of Makhleb.
  7186 | D:6      | Gained mutation: You have sharp fingernails. [demonic
                  | ancestry]
  7186 | D:6      | Reached XP level 8. HP: 52/52 MP: 13/16
  7215 | D:6      | Reached skill level 6 in Spellcasting
  7450 | D:6      | Reached skill level 5 in Conjurations
  7809 | D:7      | Found a staircase to the Ecumenical Temple.
  7821 | D:7      | Reached skill level 7 in Spellcasting
  7831 | Temple   | Entered the Ecumenical Temple
  8401 | D:7      | Noticed Menkaure
  8406 | D:7      | Killed Menkaure
  8407 | D:7      | Gained mutation: When seriously injured, your bleeding
                  | wounds create thick armour. (AC +9) [demonic ancestry]
  8407 | D:7      | Reached XP level 9. HP: 55/57 MP: 20/20
  8442 | D:7      | Found an iron altar of Okawaru.
  8520 | D:7      | Found a radiant altar of Vehumet.
  8524 | D:7      | Became a worshipper of Vehumet
  8665 | D:7      | Found an iron altar of Okawaru.
  8665 | D:7      | Found a faded altar of an unknown god.
  8670 | D:7      | Found a faded altar of an unknown god.
  8672 | D:7      | Found a shimmering blue altar of Sif Muna.
  8674 | D:7      | Found a snail-covered altar of Cheibriados.
  8719 | D:7      | Reached skill level 8 in Spellcasting
  8739 | D:7      | Slain by an orc warrior

Illustrated notes

Levels and vault maps discovered:
D:1:      matt_arrival_debris, layout_basic
D:2:      minmay_roachtagon, layout_basic, marbit_many_paths,
          nicolae_ru_great_annihilating_truth
D:3:      layout_loops_ring, eat_drink_and_be_merry_uskayaw, minivault_14,
          tgw_sif, uniq_natasha
D:4:      layout_basic, nicolae_overflow_hidden_temple
D:5:      layout_cave_pools, grunt_temple_overflow_forces_of_nature
D:6:      layout_gridville, old_standard_altar, gammafunk_ghost_smash,
          hangedman_decor_slide_cut, st_stairs_10
D:7:      layout_gridville, lemuel_doored_altar,
          chequers_temple_overflow_minitemple,
          minmay_temple_entry_gardened_gates, okawaru_gym_becter, uniq_menkaure
Temple:   jpeg_temple_island

Skill      XL: |  1  2  3  4  5  6  7  8  9 |
---------------+----------------------------+-----
Fire Magic     | 3 4 5 6 |  6.1
Conjurations   | 2 3 4 5 |  5.8
Spellcasting   | 3 4 5 7 8 |  8.0
Dodging        | 2 |  2.4
Stealth        | |  1.7

Action                   |  1- 3 |  4- 6 |  7- 9 || total
-------------------------+-------+-------+-------++-------
Melee: Unarmed           |    23 |    43 |    16 ||    82
 Cast: Foxfire           |    93 |   167 |   174 ||   434
       Conjure Flame     |       |     1 |     5 ||     6
       Sticky Flame      |       |       |     3 ||     3
  Use: Potion            |       |     4 |       ||     4
       Scroll            |       |       |     7 ||     7
 Stab: Sleeping          |     2 |       |       ||     2
       Distracted        |       |     1 |       ||     1
Armor: Robe              |    24 |    30 |       ||    54
       Skin              |       |     7 |       ||     7
       Troll leather arm |       |     3 |    20 ||    23
Dodge: Dodged            |    86 |    88 |    58 ||   232
